Map: Frozen Temple

Players

Fropez

  • Race: Protoss Protoss
  • League: Silver
  • Spawn Location: 11:00

HalphasZepar - Winner!

  • Race: Protoss Protoss
  • League: Silver
  • Spawn Location: 5:00

VOD

Have the link to the VOD?

Description

Time

  • Played on: May 17, 2016, 3:14 p.m.
  • Length: 6:28
Show
View Real Time Build Order
Export as new Build Order

Fropez Protoss 

Build Orders:  

Get SALT Encoding   

  12  0:12  Pylon  
  12  0:32  Gateway  
  12  0:34  Probe (Chrono Boost)  
  13  0:38  Assimilator  
  13  0:45  Probe (Chrono Boost)  
  14  0:55  Probe (Chrono Boost)  
  15  1:03  Pylon  
  15  1:11  Probe (Chrono Boost)  
  16  1:23  Cybernetics Core  
  16  1:31  Assimilator  
  16  1:33  Probe (Chrono Boost)  
  17  1:44  Probe (Chrono Boost)  
  18  2:00  Warp Gate (Chrono Boost)  
  18  2:13  Nexus  
  18  2:26  Pylon  
  19  2:34  Mothership Core  
  20  2:43  Adept  
  22  3:02  Gateway  
  22  3:13  Gateway  
  22  3:22  Pylon  
  20  4:06  Probe  
  20  4:07  Probe  
  22  4:11  Pylon  
  22  4:13  Stalker x3  
  28  4:38  Stalker x2  
  28  4:44  Zealot  
  30  5:00  Probe  
  30  5:02  Probe  
  28  5:09  Zealot x3  
  32  5:16  Probe x2  
  34  5:25  Assimilator  
  34  5:39  Stalker x2  
  34  6:02  Stalker x2  
  34  6:03  Stalker  
Show
View Real Time Build Order
Export as new Build Order

HalphasZepar Protoss - Winner!

Build Orders:  

Get SALT Encoding   

  12  0:00  Probe (Chrono Boost)  
  13  0:13  Pylon  
  13  0:18  Probe (Chrono Boost)  
  14  0:29  Probe (Chrono Boost)  
  14  0:33  Gateway  
  15  0:41  Assimilator  
  15  0:46  Probe (Chrono Boost)  
  16  0:57  Probe (Chrono Boost)  
  17  1:02  Assimilator  
  17  1:07  Probe (Chrono Boost)  
  18  1:18  Probe (Chrono Boost)  
  19  1:19  Pylon  
  19  1:28  Probe (Chrono Boost)  
  20  1:39  Probe (Chrono Boost)  
  21  1:40  Cybernetics Core  
  21  1:49  Probe (Chrono Boost)  
  22  1:56  Pylon  
  22  2:00  Probe (Chrono Boost)  
  23  2:07  Gateway  
  22  2:16  Warp Gate (Chrono Boost)  
  22  2:24  Robotics Facility  
  22  2:27  Stalker  
  24  2:45  Pylon  
  24  2:49  Gateway  
  24  2:52  Gateway  
  24  2:57  Stalker  
  26  2:59  Stalker  
  28  3:11  Warp Prism  
  30  3:18  Mothership Core  
  32  3:25  Pylon  
  32  4:26  Stalker  
  32  4:30  Stalker x2  
  34  4:42  Stalker  
  33  4:53  Stalker x3  
  29  5:11  Stalker  
  29  5:17  Stalker x2  
  29  5:18  Stalker  
  31  5:40  Stalker  
  31  5:41  Stalker x3  
  37  6:04  Stalker x3  
  37  6:23  Stalker  
Tags
 
Matchup
PvP
Replay Pack
All Mines
Spawn Locations
Cross Positions
Add a new tag
Caveats
  • Supply blocks, unpowered buildings, or Contaminate may cause inaccurate times.
  • Supply counts are checked every 10 seconds.